 Dungeon Crawl Stone Soup version 0.22-a0-305-gd21a89c (webtiles) character file.

89 xccam the Cudgeler (level 4, -1/35 HPs)
             Began as a Formicid Fighter on Mar 31, 2018.
             Slain by a gnoll
             ... wielding a +0 spear
              (2 damage)
             ... on level 2 of the Dungeon.
             The game lasted 00:05:00 (941 turns).

xccam the Cudgeler (Formicid Fighter)                Turns: 941, Time: 00:05:01

Health: -1/35      AC:  8    Str: 26    XL:     4   Next: 84%
Magic:  4/4        EV:  8    Int:  8    God:
Gold:   75         SH: 10    Dex: 10    Spells: 3/3 levels left

rFire    . . .     SeeInvis +   a - +0 flail
rCold    . . .     Gourm    .   c - +0 shield
rNeg     . . .     Faith    .   b - +0 scale mail
rPois    .         Spirit   .   (helmet unavailable)
rElec    .         Reflect  .   g - +0 cloak
rCorr    .         Harm     .   (no gloves)
MR       .....                  (no boots)
Stlth    ..........             (no amulet)
HPRegen  0.11/turn              (no ring)
MPRegen  0.09/turn              (no ring)

@: mighty
A: permanent stasis, dig shafts and tunnels, four strong arms, antennae 3
a: Dig, Shaft Self


You were on level 2 of the Dungeon.
You were hungry.

You visited 1 branch of the dungeon, and saw 2 of its levels.

You collected 75 gold pieces.

Inventory:

Hand Weapons
 a - a +0 flail (weapon)
 m - a +1 morningstar of holy wrath
Armour
 b - a +0 scale mail (worn)
 c - a +0 shield (worn)
 g - a +0 cloak (worn)
Scrolls
 e - a scroll of random uselessness {unknown}
 h - 3 scrolls of magic mapping {unknown}
 i - a scroll of teleportation {unknown}
Potions
 d - a potion of might
 j - a potion of lignification
Comestibles
 f - 6 rations


   Skills:
 - Level 3.2 Fighting
 + Level 4.6 Maces & Flails
 - Level 3.2 Armour
 - Level 3.6 Shields


You had 3 spell levels left.
You didn't know any spells.

Dungeon Overview and Level Annotations

Branches:
Dungeon (2/15)

Altars:


Innate Abilities, Weirdness & Mutations

You cannot be hasted, slowed, berserked, paralysed or teleported.
You can dig through walls and to a lower floor.
Your four strong arms can wield two-handed weapons with a shield.
You have a pair of large antennae on your head. (SInv)


Message History

The gnoll hits you but does no damage.
You feel very mighty all of a sudden. You block the gnoll's attack.
The gnoll hits you but does no damage.
Things that are here:
a flail; 6 gold pieces Your shield prevents you from hitting the gnoll.
The gnoll barely misses you.
You completely miss the gnoll.
The orc shouts!
The gnoll hits you but does no damage.
You sock the gnoll!
The gnoll is severely wounded.
The gnoll hits you with a spear.
* * * LOW HITPOINT WARNING * * *
You block the gnoll's attack.
You closely miss the gnoll.
The gnoll is severely wounded.
The gnoll hits you with a spear.
You die...

# ....###..##
..≈.o##.##
.o...$#.## #..
.....⌠#..# ....
.....$#..# ....
..≈..##..# #..
....###..# #.
#..#########g..#
#.##........).@...#
.........o(..)...# #
#.....)..#†)....#
##.#.......##......#
.....)...(##########
...#.......#
...........#
...#>......#
...........#


You could see a gnoll and an orc.

Vanquished Creatures
  3 gnolls (D:2)
  An ooze (D:1)
  A worm (D:2)
  2 dart slugs (D:1)
  2 orcs (D:2)
  6 bats (D:1)
  2 giant cockroaches (D:1)
  3 goblins
  6 hobgoblins
  7 jackals (D:1)
  5 kobolds (D:1)
  A quokka (D:2)
  2 ball pythons (D:1)
  A frilled lizard (D:1)
  A rat (D:1)
43 creatures vanquished.

Notes
Turn   | Place    | Note
-------+----------+-------------------------------------------
     0 | D:1      | xccam the Formicid Fighter began the quest for the Orb.
     0 | D:1      | Reached XP level 1. HP: 18/18 MP: 1/1
   163 | D:1      | Reached XP level 2. HP: 24/24 MP: 2/2
   218 | D:1      | Reached skill level 3 in Maces & Flails
   261 | D:1      | Reached XP level 3. HP: 20/29 MP: 3/3
   851 | D:2      | Reached skill level 4 in Maces & Flails
   851 | D:2      | Reached XP level 4. HP: 33/35 MP: 4/4
   929 | D:2      | HP: 1/35 [gnoll/spear (6)]
   940 | D:2      | HP: 1/35 [gnoll/spear (1)]
   941 | D:2      | Slain by a gnoll

Vault maps used:
D:1:      dpeg_arrival_water_temple_mockup, due_unseen_surprise
D:2:      cheibrodos_pilgrimage, old_standard_altar, uniq_sigmund

Skill      XL: |  1  2  3 |
---------------+----------+-----
Maces & Flails | 3 4 |  4.6
Fighting       | |  3.2
Armour         | |  3.2
Shields        | |  3.6

Action                   |  1- 3 |  4- 6 || total
-------------------------+-------+-------++-------
Melee: Flail             |   131 |    39 ||   170
 Abil: Dig               |     1 |       ||     1
  Use: Potion            |       |     4 ||     4
Armor: Scale mail        |    85 |    15 ||   100
       Skin              |       |     5 ||     5
Dodge: Dodged            |    53 |    13 ||    66
Block: Shield            |   100 |    27 ||   127

Table legend:
 A = Spawn XP
 B = Non-spawn XP
 C = Spawn XP percentage of total XP
 D = Spawn monster count
 E = Non-spawn monster count
 F = Spawn count percentage of total count
 G = Total turns spent on level
                    A         B        C        D         E        F      G
               +---------+---------+-------+---------+---------+-------+---------
         Total |       0 |     128 |   0.0 |       0 |      43 |   0.0 |   941
               +---------+---------+-------+---------+---------+-------+---------
           D:1 |       0 |      66 |   0.0 |       0 |      33 |   0.0 |   820
           D:2 |       0 |      62 |   0.0 |       0 |      10 |   0.0 |   121
               +---------+---------+-------+---------+---------+-------+---------
